 Dungeon Crawl Stone Soup version 0.19.5 (webtiles) character file.

511 roasted the Cudgeler (level 7, -1/78 HPs)
             Began as an Ogre Berserker on Oct 6, 2018.
             Was a Follower of Trog.
             Slain by Rhok's ghost (13 damage)
             ... on level 4 of the Dungeon on Oct 7, 2018.
             The game lasted 00:32:17 (3541 turns).

roasted the Cudgeler (Ogre Berserker)               Turns: 3541, Time: 00:32:18

Health: -1/78      AC:  4    Str: 25    XL:     7   Next: 19%
Magic:  12/12      EV:  9    Int:  4    God:    Trog [*.....]
Gold:   156        SH:  9    Dex:  9    Spells: 0 memorised, 13 levels left

rFire  . . .     SeeInvis .     a - +0 mace
rCold  . . .     Gourm    .     b - +0 animal skin
rNeg   . . .     Faith    .     h - +0 shield
rPois  .         Spirit   .     (helmet restricted)
rElec  .         Reflect  .     o - +0 cloak
rCorr  .         Harm     .     (gloves unavailable)
MR     .....                    (boots unavailable)
Stlth  ++........               (no amulet)
                                (no ring)
                                (no ring)

@: drained
A: unfitting armour, dopey 1, tough skin 1
a: Berserk, Burn Spellbooks, Renounce Religion


You were on level 4 of the Dungeon.
You worshipped Trog.
Trog was aware of your devotion.
You were hungry.

You visited 1 branch of the dungeon, and saw 4 of its levels.

You collected 156 gold pieces.

Inventory:

Hand Weapons
 a - a +0 mace (weapon)
 f - a +2 quarterstaff of chaos
 k - a +2 dagger of draining
 q - a +0 spear of piercing
 t - a +0 dagger
Missiles
 m - 79 stones (quivered)
Armour
 b - a +0 animal skin (worn)
 h - a +0 shield (worn)
 o - a +0 cloak (worn)
Scrolls
 e - 3 scrolls of identify
 u - 2 scrolls of remove curse
Potions
 g - 2 potions of cure mutation {unknown}
 i - a potion of degeneration {unknown}
 j - a potion of cancellation
Comestibles
 c - 2 bread rations
 d - 2 fruits
 l - a slice of pizza
 n - a beef jerky
 p - a royal jelly


   Skills:
 + Level 7.0(6.7) Fighting
 + Level 2.2(1.9) Short Blades
 + Level 7.5(7.2) Maces & Flails
 + Level 3.3(3.0) Throwing
 + Level 2.6(2.4) Armour
 + Level 4.9(4.5) Dodging
 + Level 2.9(2.6) Stealth
 + Level 3.4(3.1) Shields
 + Level 3.0(2.7) Unarmed Combat
 + Level 3.6(3.3) Spellcasting


You had 13 spell levels left.
You didn't know any spells.

Dungeon Overview and Level Annotations

Branches:
Dungeon (4/15)
 Temple: D:4-7

Altars:

Annotations:
D:4 Rhok's ghost, amateur OgGl


Innate Abilities, Weirdness & Mutations

You are too large for most types of armour.
You have tough skin. (AC +1)
You are dopey. (Int -2)


Message History

You block Rhok's ghost's attack.
You thump Rhok's ghost!
Rhok's ghost is lightly damaged.
You block Rhok's ghost's attack.
You barely miss Rhok's ghost.
Rhok's ghost is lightly damaged.
You block Rhok's ghost's attack.
You thump Rhok's ghost!
Rhok's ghost is moderately damaged.
Rhok's ghost hits you.
You hit Rhok's ghost but do no damage.
Rhok's ghost is moderately damaged.
Rhok's ghost hits you!
* * * LOW HITPOINT WARNING * * *
Rhok's ghost hits you!
* * * LOW HITPOINT WARNING * * *
You see here a dagger.
Rhok's ghost whispers, "They're coming for you..."
Rhok's ghost hits you!
You die...

#.......# #.#.#)...###......#
####.#### #.#>#.#### ####.###
##.## #...).# #.... #...#
###.##### ###.# #...#######
#.....# #.# #.........#
###.#.#########.#
#####...#####.#####.#.##.....##.#
#...........#.......#........##..
...............#@#######.....####
#...........#.##.W..#........#
#####...#####.###...#.#......# #
#.........# #<..#.#.###### #
#...##########....#.###### #
#...##......##.....).....# # #
####.###.####.##.####.####.# #
###....###.####.......#.####.####
.#...........##.........#........


You could see Rhok's ghost.

Vanquished Creatures
  Sigmund (D:2)
  A centaur skeleton (D:4)
  Crazy Yiuf (D:2)
  Ijyb (D:2)
  2 worker ants (D:4)
  5 gnolls
  2 adders
  An ooze (D:1)
  2 adder skeletons (D:4)
  2 dart slugs (D:1)
  6 leopard geckos
  5 giant cockroaches
  6 goblins
  7 hobgoblins
  3 jackals (D:1)
  A quokka (D:2)
  2 ball pythons
  10 bats
  7 frilled lizards
  8 kobolds
  6 rats
  2 fungi (D:2)
81 creatures vanquished.

Notes
Turn   | Place    | Note
-------+----------+-------------------------------------------
     0 | D:1      | roasted the Ogre Berserker began the quest for the Orb.
     0 | D:1      | Reached XP level 1. HP: 24/24 MP: 1/1
   304 | D:1      | Reached XP level 2. HP: 30/32 MP: 2/2
   533 | D:1      | Reached XP level 3. HP: 32/40 MP: 3/3
   954 | D:1      | Reached ** piety under Trog
  1138 | D:2      | Found a runed door.
  1142 | D:2      | Noticed Crazy Yiuf
  1152 | D:2      | HP: 2/40 [Crazy Yiuf/quarterstaff of chaos (3)]
  1153 | D:2      | Killed Crazy Yiuf
  1153 | D:2      | Reached skill level 5 in Maces & Flails
  1153 | D:2      | Reached XP level 4. HP: 3/49 MP: 2/4
  1154 | D:2      | Reached XP level 5. HP: 3/61 MP: 2/10
  1158 | D:2      | HP: 2/61 [poisoned by Crazy Yiuf]
  1165 | D:2      | HP: 1/61 [poisoned by Crazy Yiuf]
  1173 | D:2      | HP: 1/61 [poisoned by Crazy Yiuf]
  1449 | D:2      | Noticed Sigmund
  1471 | D:2      | Killed Sigmund
  1471 | D:2      | Reached XP level 6. HP: 29/68 MP: 11/11
  1683 | D:2      | Noticed Ijyb
  1720 | D:2      | Killed Ijyb
  2080 | D:2      | Gained mutation: You tend to lose your temper in combat. [potion of mutation]
  2080 | D:2      | Gained mutation: You are dopey. (Int -2) [potion of mutation]
  2080 | D:2      | Lost mutation: You tend to lose your temper in combat. [potion of mutation]
  2287 | D:3      | Reached * piety under Trog
  2916 | D:4      | Reached XP level 7. HP: 36/76 MP: 12/12
  3037 | D:4      | Noticed Rhok's ghost (amateur OgGl)
  3541 | D:4      | Slain by Rhok's ghost

Skill      XL: |  1  2  3  4  5  6  7 |
---------------+----------------------+-----
Dodging        | 3 4 |  4.9
Maces & Flails | 5 6 7 |  7.5
Fighting       | 6 7 |  7.0
Short Blades   | 2 |  2.2
Throwing       | 3 |  3.3
Armour         | 2 |  2.6
Stealth        | 2 |  2.9
Shields        | 3 |  3.4
Unarmed Combat | 3 |  3.0
Spellcasting   | 3 |  3.6

Action                   |  1- 3 |  4- 6 |  7- 9 || total
-------------------------+-------+-------+-------++-------
Melee: Mace              |   135 |   151 |    54 ||   340
  Use: Potion            |       |     6 |       ||     6
       Scroll            |       |     5 |       ||     5
 Stab: Sleeping          |       |     4 |       ||     4
  Eat: Bread ration      |       |     1 |       ||     1
       Chunk             |       |     2 |       ||     2
       Fruit             |       |       |     2 ||     2
Armor: Animal skin       |    34 |    39 |     2 ||    75
Dodge: Dodged            |    57 |    67 |    12 ||   136
Block: Shield            |    15 |    98 |    19 ||   132
